AoeStats
← JLC4

Migration

507790549Analyzed
1v1 RM · 14d ago on Sep 19, 2026· 44m 37s· 2 players
Game mode
Random Map
Map size
132×132
Population
200
Speed
Normal
Resources
Standard
Victory
Conquest
Starting age
Dark Age
Ending age
Imperial Age
RankedLock teamsTeams togetherTeam positionsShared explorationLock speedFull tech treeHidden civsTurbo modeCheats
Victory
Defeat
🇨🇿 Vikings · Czechia
753
+18
🇷🇺 Goths · Russia
787
-18
JLC4
2:37 Loom
6:06 Loom
13:18 Feudal Age
11:37 Loom
16:40 Fletching
16:51 Padded Archer Armor
24:54 Castle Age
28:54 Double-Bit Axe
36:20 Imperial Age
36:15 Town Watch
37:28 Conscription
37:12 Capped Ram
39:32 Crossbowman
40:09 Bodkin Arrow
40:30 Leather Archer Armor
40:39 Arbalester
43:33 Ballistics
44:14 Chemistry
43:24 Careening
43:15 Murder Holes
p_imajigrun_r
0:52 Loom
11:00 Feudal Age
12:20 Wheelbarrow
11:51 Double-Bit Axe
16:19 Town Watch
18:16 Fishing Lines
19:24 Stone Mining
19:27 Gold Mining
24:10 Castle Age
23:30 Fletching
25:26 Hand Cart
26:31 Padded Archer Armor
32:45 Gillnets
35:04 Squires
34:24 Man-at-Arms
35:38 Demolition Ship
36:00 Long Swordsman
37:51 Stone Shaft Mining
41:48 Anarchy
42:59 Elite Skirmisher
Connection lost

Rejoining the realm…

Still unreachable

The connection could not be restored.

Session expired

The server has moved on; the page needs a fresh start.